 Dungeon Crawl Stone Soup version 0.28.0-43-g3370ac3207 (webtiles) character file.

Game seed: 17065426505151021529

6 pkoi the Firebug (level 1, 0/10 HPs)
             Began as a Deep Elf Fire Elementalist on Mar 21, 2022.
             Slain by a dart slug (3 damage)
             ... on level 1 of the Dungeon.
             The game lasted 00:00:21 (366 turns).

pkoi the Firebug (Deep Elf Fire Elementalist)        Turns: 366, Time: 00:00:22

Health: 0/10       AC:  2    Str:  5    XL:     1   Next: 75%
Magic:  5/6        EV: 12    Int: 19    God:
Gold:   12         SH:  0    Dex: 15    Spells: 5/6 levels left

rFire   . . .      SeeInvis .   b - +0 club
rCold   . . .      Faith    .   (no shield)
rNeg    . . .      Spirit   .   a - +0 robe
rPois   .          Reflect  .   (no helmet)
rElec   .          Harm     .   (no cloak)
rCorr   .          Rampage  .   (no gloves)
Will    .....                   (no boots)
Stlth   ++........              (no amulet)
HPRegen 0.03/turn               (no ring)
MPRegen 0.10/turn               (no ring)

@: no status effects
A: no striking features
a: no special abilities


You were on level 1 of the Dungeon.
You visited 1 branch of the dungeon, and saw 1 of its levels.

You collected 12 gold pieces.

Inventory:

Hand Weapons
 b - a +0 club (weapon)
Armour
 a - a +0 robe (worn)
Jewellery
 c - a ring of resist corrosion
Scrolls
 d - a scroll of enchant weapon {unknown}


   Skills:
 - Level 2.4 Dodging
 - Level 2.4 Stealth
 + Level 3.2 Spellcasting
 + Level 1.4 Conjurations
 + Level 3.4 Fire Magic


You had 5 spell levels left.
You knew the following spells:

 Your Spells              Type           Power      Damage    Failure   Level
a - Foxfire               Conj/Fire      48%        2x1d6     5%          1

Your spell library contained the following spells:

 Spells                   Type           Power      Damage    Failure   Level
 Scorch                   Fire           32%        2d6       5%          2
 Conjure Flame            Conj/Fire      12%        6-21      16%         3
 Inner Flame              Hex/Fire       9%         N/A       22%         3
 Flame Wave               Conj/Fire      12%        2d6       47%         4


Dungeon Overview and Level Annotations

Branches:
Dungeon (1/15)

Altars:


Message History

The foxfire hits the giant cockroach.
You kill the giant cockroach!
You miscast Foxfire.
You are very lightly contaminated with residual magic.
Nothing appears to happen.
You conjure some foxfire!
Your foxfire dissipates!
Your foxfire dissipates!
Your magical contamination has completely faded away.
Found a pair of glowing boots.
You see here a +2 pair of boots.
Found a stone staircase leading down.
Found a short sword.
A dart slug comes into view.
The dart slug launches a dart at you.
The slug dart hits you but does no damage.
You conjure some foxfire!
The dart slug launches a dart at you. The slug dart hits you.
* * * LOW HITPOINT WARNING * * *
A dart slug comes into view.
The dart slug closely misses you.
You see here 13 gold pieces.
You hit the dart slug.
The dart slug is moderately wounded.
The dart slug bites you.
* * * LOW HITPOINT WARNING * * *
You hit the dart slug.
The dart slug is heavily wounded.
The dart slug bites you.
* * * LOW HITPOINT WARNING * * *
You hit the dart slug.
The dart slug is heavily wounded.
The dart slug launches a dart at you. The slug dart hits you.
* * * LOW HITPOINT WARNING * * *
You hit the dart slug.
The dart slug is severely wounded.
The dart slug bites you.
You die...

......#.#........ #.# ....#.#
#.....#.# #.# ....#.#
#.>...#.# #.# ....#.# .....#.
#.# ....#.# ...w.#. #.#
....#.# ..... #.#
...##.#####.#... ######.#
............#...###......#.##
....#.#######..w@...........#
....#.# #..####.#########
#.#.#.# #. #... #.#.#.# #
##### #.#.#.# ..#.#.. ###.#..
# #.# ###.#


You could see 2 dart slugs.

Vanquished Creatures
  A giant cockroach (D:1)
  A goblin (D:1)
  A hobgoblin (D:1)
  A bat (D:1)
  2 frilled lizards (D:1)
6 creatures vanquished.

Vanquished Creatures (others)
  33 foxfires (D:1)
33 creatures vanquished.

Grand Total: 39 creatures vanquished

Notes
Turn   | Place    | Note
-------+----------+-------------------------------------------
     0 | D:1      | pkoi the Deep Elf Fire Elementalist began the quest for the
                  | Orb.
     0 | D:1      | Reached XP level 1. HP: 10/10 MP: 6/6
   168 | D:1      | Found a faded altar of an unknown god.
   366 | D:1      | Slain by a dart slug

Illustrated notes

Levels and vault maps discovered:
D:1:      lightli_molten_gateway, layout_basic,
          chequers_ecumenical_altar_island, minmay_tromino_v4_a

Action                   || total
-------------------------++-------
Melee: Club              ||     5
 Cast: Foxfire           ||    21
Armor: Robe              ||     1
Dodge: Dodged            ||     4
